 Dungeon Crawl Stone Soup version 0.21-a0-349-g0c35859 (webtiles) character file.

257 Geas the Vexing (level 5, 0/24 HPs)
             Began as a Spriggan Enchanter on Oct 8, 2017.
             Was a Believer of Dithmenos.
             Slain by a big kobold
             ... wielding a +0 dagger
              (4 damage)
             ... in a sewer.
             The game lasted 00:11:47 (5061 turns).

Geas the Vexing (Spriggan Enchanter)                Turns: 5061, Time: 00:11:47

Health: 0/24       AC:  3    Str:  4    XL:     5   Next: 93%
Magic:  8/14       EV: 18    Int: 17    God:    Dithmenos [**....]
Gold:   98         SH:  0    Dex: 17    Spells: 3/15 levels left

rFire    . . .     SeeInvis +   l - +1 short sword (drain)
rCold    . . .     Gourm    .   (shield restricted)
rNeg     . . .     Faith    .   b - +1 robe
rPois    .         Spirit   .   (helmet restricted)
rElec    .         Reflect  .   f - scarf {repulsion}
rCorr    .         Harm     .   (gloves unavailable)
MR       .....                  (boots unavailable)
Stlth    +++.......             (no amulet)
HPRegen  0.08/turn              (no ring)
MPRegen  0.14/turn              (no ring)

@: wreathed by umbra, drained, repel missiles, very quick
A: unfitting armour, see invisible, herbivore 3, speed 3, slow metabolism 2
a: Shadow Step, Renounce Religion


You were in a sewer.
You worshipped Dithmenos.
Dithmenos was pleased with you.
You were not hungry.

You visited 1 branch of the dungeon, and saw 3 of its levels.
You also visited: Sewer.

You collected 98 gold pieces.

Inventory:

Hand Weapons
 a - a +1 dagger
 c - a +3 short sword of distortion
 l - a +1 short sword of draining (weapon)
Armour
 b - a +1 robe (worn)
 f - a scarf of repulsion (worn)
Scrolls
 j - a scroll of teleportation
Potions
 e - a potion of resistance {unknown}
 g - 4 potions of curing
 h - a potion of might {unknown}
 i - a potion of mutation {unknown}
 k - 3 potions of flight {unknown}
 m - a potion of agility {unknown}
 n - 3 potions of heal wounds {unknown}
Comestibles
 d - a bread ration


   Skills:
 - Level 1.1(0.8) Short Blades
 - Level 3.0(2.7) Dodging
 - Level 4.4(4.1) Stealth
 + Level 5.7(5.4) Spellcasting
 + Level 6.2(5.9) Hexes


You had 3 spell levels left.
You knew the following spells:

 Your Spells              Type           Power        Failure   Level  Hunger
a - Ensorcelled Hibernat  Hex/Ice        ##....       6%          2    #......
b - Corona                Hex            ####...      1%          1    None
c - Confuse               Hex            ####....     3%          3    ##.....
d - Tukima's Dance        Hex            ####....     3%          3    ##.....
e - Dazzling Spray        Conj/Hex       ##....       12%         3    ##.....


Dungeon Overview and Level Annotations

Branches:
Dungeon (3/15)

Altars:
Dithmenos
Yredelemnul


Innate Abilities, Weirdness & Mutations

You are very small and have problems with some larger weapons.
You are too small for most types of armour.
You have supernaturally acute eyesight. (SInv)
You are a herbivore.
You cover ground extremely quickly.
You need consume almost no food.


Message History

The big kobold is severely wounded.
The big kobold is no longer blind.
The big kobold hits you with a dagger.
* * * LOW HITPOINT WARNING * * *
You barely miss the big kobold.
The big kobold is severely wounded.
The big kobold closely misses you.
You hit the big kobold.
The big kobold is severely wounded.
The big kobold completely misses you.
You closely miss the big kobold.
The big kobold is severely wounded.
The big kobold barely misses you.
You closely miss the big kobold.
The big kobold is severely wounded.
The big kobold hits you with a dagger.
* * * LOW HITPOINT WARNING * * *
You completely miss the big kobold.
The big kobold is severely wounded.
The big kobold hits you with a dagger.
You die...

≈≈≈≈≈≈≈≈≈≈≈≈≈≈≈≈≈#≈#≈ ≈#
≈≈≈≈≈≈≈≈≈≈≈≈≈≈≈≈#≈#≈# #
.≈..≈≈≈≈≈≈≈≈≈≈≈≈≈#≈#
..÷≈.≈≈≈.≈≈≈≈≈≈≈#≈# #
..##......##≈≈≈≈≈# ≈#
.####......##..≈#######≈≈#
.##...........≈.#..#!!#≈≈#
.÷.÷...........÷#))..?#≈≈#
.....###........@K)(.#
#..### ##.......#(...!#≈≈#
#### ######..#..#!!#≈≈#
##########≈≈# ≈# #


You could see a big kobold.

Vanquished Creatures
  9 adders
  7 river rats
  2 oozes
  2 worms (D:2)
  A dart slug (D:1)
  An orc (D:3)
  7 giant cockroaches
  7 goblins
  4 hobgoblins
  A quokka (D:2)
  6 ball pythons
  6 bats
  5 frilled lizards
  23 kobolds
  25 rats
106 creatures vanquished.

Notes
Turn   | Place    | Note
-------+----------+-------------------------------------------
     0 | D:1      | Geas the Spriggan Enchanter began the quest for the Orb.
     0 | D:1      | Reached XP level 1. HP: 9/9 MP: 5/5
   107 | D:1      | Reached skill level 4 in Hexes
   179 | D:1      | You fall through a shaft!
   181 | D:2      | Reached XP level 2. HP: 13/13 MP: 7/7
   185 | D:2      | Learned a level 2 spell: Ensorcelled Hibernation
   834 | D:1      | Reached XP level 3. HP: 11/16 MP: 1/9
   839 | D:1      | Learned a level 3 spell: Confuse
   843 | D:1      | Learned a level 3 spell: Tukima's Dance
  1748 | D:2      | Found a basalt altar of Yredelemnul.
  2563 | D:2      | Reached XP level 4. HP: 21/21 MP: 3/11
  2666 | D:2      | Reached skill level 5 in Hexes
  3028 | D:3      | Found a shadowy altar of Dithmenos.
  3032 | D:3      | Became a worshipper of Dithmenos the Shadowed
  3058 | D:3      | Learned a level 3 spell: Dazzling Spray
  3563 | D:3      | Found a glowing drain.
  3573 | Sewer    | Entered a sewer
  3711 | Sewer    | Reached XP level 5. HP: 24/24 MP: 5/13
  3814 | Sewer    | Reached skill level 5 in Spellcasting
  4139 | Sewer    | Reached * piety under Dithmenos
  4573 | Sewer    | Reached skill level 6 in Hexes
  4826 | Sewer    | Reached ** piety under Dithmenos
  5061 | Sewer    | Slain by a big kobold

Vault maps used:
D:1:      ncdulo_halloftheorcs, st_stairs_5
D:2:      lemuel_round_altar, first_bread
D:3:      portal_sewer_entry_e, grunt_dithmenos_smoke_and_mirrors
Sewer:    sewer_minmay_treatment

Skill      XL: |  1  2  3  4  5 |
---------------+----------------+-----
Spellcasting   | 3 4 5 |  5.7
Hexes          | 4 5 6 |  6.2
Short Blades   | |  1.1
Dodging        | |  3.0
Stealth        | |  4.4

Action                   |  1- 3 |  4- 6 || total
-------------------------+-------+-------++-------
Melee: Dagger            |    95 |    90 ||   185
       Short sword       |       |    76 ||    76
 Cast: Corona            |     3 |       ||     3
       Ensorcelled Hiber |    28 |    18 ||    46
       Confuse           |     4 |     1 ||     5
       Dazzling Spray    |       |    13 ||    13
  Use: Scroll            |     6 |     1 ||     7
 Stab: Sleeping          |    24 |    17 ||    41
       Invisible         |       |     4 ||     4
       Confused          |       |     1 ||     1
  Eat: Bread ration      |     1 |       ||     1
Armor: Robe              |    17 |    16 ||    33
Dodge: Dodged            |    68 |   198 ||   266
       Deflected         |     5 |     3 ||     8

Table legend:
 A = Spawn XP
 B = Non-spawn XP
 C = Spawn XP percentage of total XP
 D = Spawn monster count
 E = Non-spawn monster count
 F = Spawn count percentage of total count
 G = Total turns spent on level
                    A         B        C        D         E        F      G
               +---------+---------+-------+---------+---------+-------+---------
         Total |       0 |     368 |   0.0 |       0 |     106 |   0.0 |  5061
               +---------+---------+-------+---------+---------+-------+---------
           D:1 |       0 |      41 |   0.0 |       0 |      20 |   0.0 |  1398
           D:2 |       0 |      78 |   0.0 |       0 |      23 |   0.0 |  1590
           D:3 |       0 |      71 |   0.0 |       0 |      16 |   0.0 |   585
         Sewer |       0 |     178 |   0.0 |       0 |      47 |   0.0 |  1488
               +---------+---------+-------+---------+---------+-------+---------
